 Dungeon Crawl Stone Soup version 0.23.2 (webtiles) character file.

Game seed: 4825238577539157877

33 Kairos the Sneak (level 3, 0/16 HPs)
             Began as a Spriggan Enchanter on Apr 8, 2019.
             Succumbed to a goblin's poison
             ... on level 2 of the Dungeon.
             The game lasted 00:02:15 (1296 turns).

Kairos the Sneak (Spriggan Enchanter)               Turns: 1296, Time: 00:02:16

Health: 0/16       AC:  2    Str:  4    XL:     3   Next: 12%
Magic:  2/8        EV: 18    Int: 16    God:
Gold:   54         SH:  0    Dex: 17    Spells: 3/7 levels left

rFire    . . .     SeeInvis +   a - +1 dagger
rCold    . . .     Gourm    .   (shield restricted)
rNeg     . . .     Faith    .   b - +0 robe
rPois    .         Spirit   .   (helmet restricted)
rElec    .         Reflect  .   (no cloak)
rCorr    .         Harm     .   (gloves unavailable)
MR       .....                  (boots unavailable)
Stlth    +++.......             e - amulet of regeneration
HPRegen  0.45/turn              (no ring)
MPRegen  0.11/turn              (no ring)

@: lethally poisoned (0 -> -14), very quick
A: very small, unfitting armour, see invisible, herbivore, speed 3, slow
metabolism 2
a: no special abilities


You were on level 2 of the Dungeon.
You were not hungry.

You visited 1 branch of the dungeon, and saw 2 of its levels.

You collected 54 gold pieces.

Inventory:

Hand Weapons
 a - a +1 dagger (weapon)
Armour
 b - a +0 robe (worn)
Jewellery
 e - an amulet of regeneration (around neck)
Scrolls
 i - a scroll of enchant weapon {unknown}
 k - 2 scrolls of teleportation
 m - a scroll of remove curse {unknown}
Potions
 f - a potion of flight
 g - a potion of agility
 h - 2 potions of might {unknown}
 j - 2 potions of curing
 l - a potion of haste {unknown}
Comestibles
 d - 3 rations


   Skills:
 + Level 0.1 Fighting
 + Level 1.5 Short Blades
 + Level 3.3 Dodging
 + Level 5.1 Stealth
 + Level 2.8 Spellcasting
 + Level 4.2 Hexes


You had 3 spell levels left.
You knew the following spells:

 Your Spells              Type           Power        Failure   Level  Hunger
a - Corona                Hex            ###....      3%          1    #......
b - Confuse               Hex            ###.....     10%         3    ###....

Your spell library contained the following spells:

 Spells                   Type           Power        Failure   Level  Hunger
 Tukima's Dance           Hex            ###.....     10%         3    ###....
 Ensorcelled Hibernation  Hex/Ice        #.....       12%         2    ##.....
 Dazzling Spray           Conj/Hex       #.....       24%         3    ###....


Dungeon Overview and Level Annotations

Branches:
Dungeon (2/15)

Altars:

Annotations:
D:2 Robin


Innate Abilities, Weirdness & Mutations

You are very small and have problems with some larger weapons.
You are too small for most types of armour.
You have supernaturally acute eyesight. (SInv)
You are a herbivore.
You cover ground extremely quickly.
You need to consume almost no food.


Message History

You are poisoned.
You completely miss the worm.
You feel sick. The goblin barely misses you. The worm misses you.
You strike the helpless worm from behind!
You puncture the worm!
The worm is severely wounded.
You feel sick. The goblin hits you but does no damage.
You are more poisoned.
You completely miss the worm.
The worm is severely wounded.
You feel sick.
The goblin hits you with a +2 dagger of venom.
You are lethally poisoned!
The worm bites you!
Ouch! That really hurt!
* * * LOW HITPOINT WARNING * * *
* * * LOW HITPOINT WARNING * * *
You feel sick.
You see here a ration.
You die...

#.....)...#
#.........#
#####.#####
#....#
#....#
#....# ...
#....#######
....
#..........#
....
#...@#####..
.....
#...%.......
..#..
#...g####..#
. ...#
####wlK.#
=8###.#
#.##...#
.$..... #.#
.... l......
#.. #.#8..
#.... ##.
##..###... .
........#


You could see a worm (confused), a leopard gecko and a goblin.

Vanquished Creatures
  A dart slug (D:1)
  A leopard gecko (D:1)
  7 bats (D:1)
  A giant cockroach (D:1)
  4 goblins (D:1)
  3 hobgoblins
  A frilled lizard (D:1)
  6 kobolds
  5 rats (D:1)
29 creatures vanquished.

Notes
Turn   | Place    | Note
-------+----------+-------------------------------------------
     0 | D:1      | Kairos the Spriggan Enchanter began the quest for the Orb.
     0 | D:1      | Reached XP level 1. HP: 9/9 MP: 5/5
   517 | D:1      | Reached XP level 2. HP: 13/13 MP: 6/6
   774 | D:1      | Reached skill level 5 in Stealth
   910 | D:1      | Reached XP level 3. HP: 10/16 MP: 8/8
  1026 | D:2      | Identified the cursed -1 helmet "Ehauf" {rC++ Str+4}
  1026 | D:2      | Noticed Robin
  1246 | D:1      | Learned a level 3 spell: Confuse
  1296 | D:2      | Succumbed to a goblin's poison

Skill      XL: |  1  2 |
---------------+-------+-----
Hexes          | 4 |  4.2
Stealth        | 5 |  5.1
Fighting       | |  0.1
Short Blades   | |  1.5
Dodging        | |  3.3
Spellcasting   | |  2.8

Action                   || total
-------------------------++-------
Melee: Dagger            ||   132
 Cast: Confuse           ||     3
  Use: Scroll            ||     4
 Stab: Sleeping          ||     7
       Confused          ||     1
Armor: Robe              ||    14
Dodge: Dodged            ||    97
